Map: Ruins of Seras

Players

TOP

  • Race: Terran Terran
  • League: Master

Beastyqt - Winner!

  • Race: Terran Terran
  • League: Diamond

VOD

Have the link to the VOD?

Description

Time

  • Played on: Sept. 5, 2015, 7:12 p.m.
  • Length: 14:02
Show
View Real Time Build Order
Export as new Build Order

TOP Terran 

Build Orders: 1/1/1, Bio Tank 

Get SALT Encoding   

  12  0:01  SCV  
  13  0:13  SCV  
  14  0:18  Supply Depot  
  14  0:25  SCV  
  15  0:40  SCV  
  15  0:41  Barracks  
  16  0:46  Refinery  
  16  0:52  SCV  
  16  0:54  Refinery  
  17  1:04  SCV  
  18  1:16  SCV  
  19  1:29  Orbital Command, Marine  
  20  1:35  Factory  
  20  1:45  Supply Depot  
  20  1:49  Marine  
  21  1:55  SCV  
  22  2:07  SCV  
  22  2:16  Barracks Reactor  
  22  2:18  Starport  
  22  2:20  Hellion  
  24  2:25  SCV  
  25  2:37  SCV  
  26  2:49  SCV  
  27  2:51  Factory Tech Lab  
  29  3:01  SCV  
  28  3:06  Command Center  
  28  3:15  Raven  
  28  3:16  Factory Tech Lab  
  28  3:18  Marine  
  31  3:21  Marine  
  31  3:24  SCV  
  33  3:36  Marine  
  33  3:37  Siege Tank  
  33  3:39  Marine  
  33  3:40  SCV  
  39  3:57  Supply Depot  
  39  4:05  SCV  
  39  4:09  Viking x2, Marine  
  45  4:17  Siege Tank  
  45  4:18  Orbital Command  
  45  4:23  SCV  
  49  4:27  Marine  
  50  4:37  Refinery  
  50  4:40  SCV  
  50  4:42  Medivac  
  50  4:43  Medivac  
  50  4:45  Marine  
  56  4:46  SCV  
  56  4:50  Barracks  
  57  4:55  SCV  
  57  4:57  Barracks  
  57  4:58  SCV  
  59  5:03  Marine  
  60  5:07  SCV  
  60  5:12  Viking  
  60  5:13  Viking  
  65  5:18  SCV  
  65  5:19  SCV  
  67  5:24  Siege Tank  
  67  5:28  Supply Depot  
  70  5:44  Viking  
  70  5:49  SCV x2, Viking  
  72  6:01  SCV x2  
  72  6:08  Marine x3  
  73  6:13  SCV, Stimpack  
  73  6:14  SCV, Viking  
  75  6:19  Viking  
  77  6:26  SCV  
  77  6:29  Supply Depot  
  77  6:31  SCV, Marine x3  
  82  6:38  SCV  
  83  6:43  SCV  
  83  6:44  Viking  
  86  6:51  SCV, Viking, Siege Tank, Engineering Bay, Marine x2  
  86  6:53  Supply Depot x2  
  94  7:04  Marine  
  94  7:05  SCV  
  94  7:13  Command Center  
  94  7:15  Marine x2  
  96  7:19  Terran Infantry Weapons Level 1  
  96  7:20  Supply Depot  
  96  7:22  Marine  
  96  7:23  Supply Depot  
  96  7:24  Viking  
  96  7:28  SCV x2  
  101  7:31  Refinery  
  101  7:32  Marine  
  100  7:54  Marine  
  100  7:56  Siege Tank  
  100  7:58  Medivac  
  108  8:00  Barracks Reactor x2  
  108  8:04  SCV, Barracks x2  
  107  8:08  Supply Depot x2  
  107  8:12  Marine  
  103  8:24  Medivac  
  103  8:28  Orbital Command  
  103  8:29  Siege Tank  
  103  8:30  Marine  
  107  8:35  Medivac  
  107  8:38  Marine x2  
  107  8:39  Marine x2  
  113  8:42  Supply Depot  
  113  8:48  Supply Depot, Marine  
  113  8:49  Supply Depot  
  114  8:56  Marine x2  
  114  9:00  Barracks Reactor  
  114  9:01  Combat Shields, Siege Tank  
  119  9:06  Marine  
  119  9:09  Barracks Reactor  
  118  9:17  Marine x4  
  118  9:23  Supply Depot  
  118  9:24  SCV x2, Marine  
  121  9:35  Marine x4  
  121  9:38  Marine x2  
  102  9:39  Siege Tank, Medivac  
  102  9:41  Marine  
  102  9:45  Marine x2  
  108  9:48  Orbital Command  
  108  9:52  Factory, Marine x4  
  110  9:56  Marine x2  
  110  9:59  Terran Infantry Armor Level 1, Marine  
  117  10:03  Marine x2  
  117  10:06  SCV x2  
  121  10:09  Medivac  
  121  10:10  Marine x4  
  121  10:11  Siege Tank  
  121  10:14  Marine x2  
  131  10:17  Marine  
  133  10:33  Marine x6  
  133  10:34  Marine x2  
  139  10:38  Marine  
  140  10:44  Factory Tech Lab  
  137  10:51  Marine x2  
  137  10:53  Marine x4  
  137  10:56  Marine x3  
  137  10:57  Siege Tank  
  140  11:07  Siege Tank, Medivac  
  140  11:09  Marine x2  
  140  11:10  Armory  
  147  11:11  Engineering Bay, Marine x4  
  147  11:13  Command Center, SCV x3, Marine x2  
  147  11:14  Marine  
  147  11:15  Refinery  
  147  11:16  Refinery  
  157  11:25  SCV x3  
  156  11:27  Marine x2  
  156  11:29  Marine x4  
  156  11:31  Marine x2  
  156  11:32  Marine  
  160  11:41  SCV x3  
  160  11:44  Command Center, Marine x2  
  160  11:47  Marine x4  
  169  11:55  Marine x3  
  169  11:56  Siege Tank x2  
  178  12:02  Marine x2  
  178  12:04  Marine x2  
  178  12:05  Marine  
  181  12:24  Sensor Tower  
  180  12:31  Marine x4  
  180  12:35  Sensor Tower  
  184  12:43  Marine x4  
  162  12:51  Marine x2  
  162  12:52  Marine x2  
  162  12:53  Siege Tank  
  156  13:00  Marine  
  156  13:01  Marine x3  
  156  13:02  Marine  
  161  13:09  Marine x4  
  153  13:18  Marine  
  145  13:21  Marine x4  
  145  13:22  Siege Tank  
  145  13:25  Siege Tank  
  154  13:27  Marine x4  
  158  13:36  Marine  
  158  13:39  Marine x2  
Show
View Real Time Build Order
Export as new Build Order

Beastyqt Terran - Winner!

Build Orders: Reaper Expand, Bio Tank 

Get SALT Encoding   

  12  0:01  SCV  
  13  0:13  SCV  
  14  0:18  Supply Depot  
  14  0:25  SCV  
  15  0:40  SCV, Barracks  
  16  0:46  Refinery  
  16  0:52  SCV  
  17  1:04  SCV  
  18  1:16  SCV  
  19  1:28  Reaper  
  19  1:29  Orbital Command  
  20  1:46  Command Center  
  20  1:55  Supply Depot  
  20  1:58  SCV  
  21  2:05  Marine  
  22  2:10  SCV  
  23  2:20  Factory  
  23  2:22  SCV  
  24  2:23  Barracks Reactor  
  24  2:32  Refinery  
  24  2:34  SCV  
  25  2:46  SCV  
  25  2:57  Bunker  
  25  2:58  Orbital Command  
  25  2:59  SCV  
  25  3:00  Marine x2  
  25  3:04  Starport  
  28  3:06  Factory Tech Lab  
  28  3:11  SCV  
  29  3:18  Marine x2  
  31  3:24  SCV x2  
  33  3:28  Siege Tank  
  33  3:33  Engineering Bay  
  36  3:39  SCV  
  37  3:42  Viking  
  37  3:45  SCV  
  40  3:52  SCV  
  41  3:56  Supply Depot  
  41  4:01  Missile Turret  
  41  4:04  Missile Turret  
  41  4:05  SCV  
  41  4:06  Missile Turret  
  41  4:08  SCV  
  43  4:17  SCV, Marine  
  43  4:21  Supply Depot  
  43  4:22  SCV  
  43  4:24  Viking  
  48  4:28  Viking  
  51  4:31  SCV  
  51  4:33  Stimpack  
  51  4:35  Marine  
  51  4:36  Factory Reactor  
  51  4:38  SCV  
  53  4:43  SCV  
  54  4:46  Supply Depot  
  54  4:50  Supply Depot, SCV  
  55  4:52  Marine  
  55  4:54  Viking  
  55  4:58  SCV  
  59  5:03  SCV  
  59  5:07  Medivac  
  62  5:09  Barracks  
  62  5:10  SCV  
  62  5:12  Barracks  
  63  5:15  Supply Depot  
  63  5:19  SCV  
  64  5:21  Marine  
  64  5:22  SCV, Refinery x2  
  66  5:31  SCV  
  66  5:34  SCV  
  68  5:39  Factory Tech Lab  
  66  5:43  SCV  
  66  5:46  SCV, Viking x2  
  66  5:48  Marine  
  73  5:55  Command Center, SCV  
  74  5:59  SCV  
  71  6:06  Barracks Reactor  
  71  6:08  SCV  
  72  6:11  Marine  
  72  6:12  Marine  
  72  6:13  SCV  
  75  6:20  SCV  
  75  6:21  Marine  
  77  6:27  Supply Depot  
  77  6:28  Supply Depot  
  77  6:29  Supply Depot x3, Marine  
  77  6:30  Siege Tank, Barracks  
  77  6:31  Barracks  
  81  6:34  Marine  
  81  6:37  Medivac x2  
  86  6:45  Combat Shields  
  86  6:48  Engineering Bay, Marine  
  86  6:51  Marine  
  86  6:53  Terran Infantry Weapons Level 1, SCV x2  
  90  6:54  Marine  
  90  7:01  Marine x2  
  93  7:02  Siege Tank  
  93  7:06  Marine  
  97  7:09  Marine  
  97  7:12  Marine  
  97  7:13  SCV  
  100  7:19  Armory  
  100  7:25  Marine  
  100  7:26  Marine  
  100  7:28  Barracks Reactor  
  100  7:29  SCV  
  103  7:32  Supply Depot, SCV, Orbital Command  
  103  7:34  Barracks Reactor, Siege Tank, Marine  
  107  7:41  SCV, Marine x2  
  104  7:44  SCV  
  104  7:46  Marine x2  
  105  7:53  SCV, Marine  
  105  7:54  Medivac x2  
  105  7:57  SCV  
  111  7:58  Marine  
  111  7:59  Marine  
  111  8:02  SCV  
  111  8:04  Marine x2  
  114  8:05  SCV  
  114  8:07  Refinery, Siege Tank  
  114  8:08  Refinery, Marine  
  114  8:09  SCV, Marine  
  114  8:11  Marine  
  121  8:18  Marine x2  
  111  8:22  Marine x2  
  111  8:23  Marine  
  111  8:24  Marine  
  113  8:28  Marine x2  
  113  8:29  Medivac  
  113  8:30  Medivac  
  119  8:34  Marine  
  120  8:43  Siege Tank  
  120  8:45  Marine x3  
  120  8:48  Command Center  
  125  8:52  Missile Turret  
  125  8:55  Missile Turret  
  125  8:56  Missile Turret  
  125  9:01  Marine x2  
  125  9:02  Terran Infantry Weapons Level 2  
  127  9:03  Terran Infantry Armor Level 1  
  127  9:04  Terran Vehicle Weapons Level 1  
  127  9:05  Marine  
  127  9:06  Marine x2  
  127  9:08  Marine x2  
  132  9:11  Marine x2  
  132  9:16  Siege Tank  
  137  9:19  Marine x2  
  137  9:21  Medivac  
  137  9:23  Marine x2  
  140  9:33  Marine x2  
  140  9:36  Marine x2  
  140  9:37  Marine  
  120  9:39  Marine  
  120  9:43  Barracks  
  120  9:44  Barracks  
  118  9:46  Factory  
  118  9:47  Marine x3  
  118  9:48  Siege Tank  
  124  9:54  Missile Turret  
  124  9:57  Medivac  
  124  9:58  Sensor Tower, Missile Turret, Marine x2  
  128  10:01  SCV x2  
  128  10:02  Marine  
  128  10:03  Marine  
  128  10:04  Marine x2  
  128  10:05  Marine  
  135  10:10  Sensor Tower  
  135  10:12  Planetary Fortress  
  135  10:15  Marine x2  
  135  10:18  Missile Turret  
  137  10:24  Marine  
  137  10:25  Marine  
  138  10:31  Marine x3  
  138  10:35  Barracks Reactor x2, Refinery, Factory Tech Lab  
  141  10:36  Refinery  
  141  10:40  Marine x2  
  141  10:41  Marine x2  
  144  10:45  Siege Tank  
  144  10:48  Marine  
  144  10:49  Marine x2  
  145  10:50  Marine x2  
  137  10:58  Marine x2  
  137  10:59  Marine x2  
  137  11:00  Siege Tank  
  144  11:06  Marine  
  144  11:07  Marine  
  144  11:09  Terran Infantry Armor Level 2  
  146  11:11  Marine x3  
  146  11:15  Marine x3  
  146  11:17  Siege Tank  
  153  11:26  Marine x2  
  153  11:28  Marine  
  153  11:32  Siege Tank, Marine  
  151  11:33  Marine x2  
  151  11:36  Marine x2  
  151  11:38  Medivac x2  
  151  11:39  Marine x4  
  162  11:45  SCV  
  163  11:50  Marine  
  163  11:51  Sensor Tower  
  163  11:53  Supply Depot  
  164  12:14  Siege Tank, Marine x5  
  172  12:25  Marine x2  
  172  12:26  Command Center  
  172  12:29  Supply Depot x2  
  172  12:34  Marine  
  171  12:42  Marine  
  171  12:44  Marine x4  
  172  12:46  Siege Tank, Marine  
  172  12:47  Siege Tank, Marine  
  172  12:50  Marine x2  
  174  12:51  Marine  
  174  12:54  Marine  
  174  12:57  Marine x2  
  174  12:58  Medivac x2  
  173  13:06  Marine  
  173  13:07  Marine  
  173  13:08  Marine x2  
  176  13:13  Marine x2  
  176  13:18  Siege Tank  
  174  13:22  Siege Tank, Marine x2  
  174  13:23  Marine x5  
  174  13:24  Marine  
  174  13:25  Marine x3  
  186  13:30  Marine  
  186  13:31  Marine  
  187  13:40  Marine x6  
  187  13:41  Marine  
  191  13:42  Marine  
  191  13:43  Marine x3  
Tags
 
Add a new tag
Caveats
  • Supply blocks, unpowered buildings, or Contaminate may cause inaccurate times.
  • Supply counts are checked every 10 seconds.